[Event "fics rated crazyhouse match"]
[Site "fics, Oklahoma City, OK USA"]
[Date "2000.10.18"]
[White "BEO"]
[WhiteElo "2205"]
[Black "jtp"]
[BlackElo "2311"]
[TimeControl "120+0"]
[Result "0-1"]

1. e4 Nf6 2. e5 Ne4 3. d3 Nxf2 4. Kxf2 Nc6 5. d4 d6 6. exd6 
cxd6 7. Be2 e5 8. Nf3 P@g4 9. dxe5 gxf3 10. Bxf3 Nxe5 11. Re1 Be7 
12. N@h5 Rg8 13. Nc3 N@g4+ 14. Bxg4 Bxg4 15. P@f3 Bxh5 16. P@f4 B@b6+ 17. P@d4 
N@g4+ 18. fxg4 Nxg4+ 19. Qxg4 Bxg4 20. Be3 P@h4 21. N@e4 P@g3+ 22. hxg3 hxg3+ 
23. Nxg3 Bh4 24. P@h2 Bxg3+ 25. hxg3 P@e5 26. fxe5 dxe5 27. dxe5 Bxe3+ 28. Rxe3 
P@d4 29. Re4 B@e3+ 30. Kf1 Q@f2# 
{BEO checkmated} 0-1

[Event "fics rated crazyhouse match"]
[Site "fics, Oklahoma City, OK USA"]
[Date "2000.10.18"]
[White "jtp"]
[WhiteElo "2317"]
[Black "BEO"]
[BlackElo "2199"]
[TimeControl "120+0"]
[Result "0-1"]

1. e4 e6 2. d4 d5 3. exd5 exd5 4. Bb5+ c6 5. Qe2+ Be7 6. Bd3 
P@e4 7. Bxe4 dxe4 8. Qxe4 Nf6 9. Qe2 Bg4 10. f3 Be6 11. Nc3 Qxd4 
12. Be3 Qb4 13. Rd1 B@a5 14. Nh3 Qxb2 15. P@d2 Nbd7 16. Ne4 Nxe4 17. fxe4 
P@d4 18. Bf4 P@e3 19. O-O exd2 20. P@d6 Bf6 21. P@e7 P@e5 22. Bxd2 Bb6 
23. P@a5 Bxe7 24. axb6 Qxb6 25. dxe7 P@e3 26. B@d6 P@f2+ 27. Nxf2 exf2+ 28. Rxf2 
N@b5 29. N@h5 Nxd6 30. Nxg7+ Kxe7 
{jtp forfeits on time} 0-1

[Event "fics rated crazyhouse match"]
[Site "fics, Oklahoma City, OK USA"]
[Date "2000.10.18"]
[White "BEO"]
[WhiteElo "2210"]
[Black "jtp"]
[BlackElo "2306"]
[TimeControl "120+0"]
[Result "0-1"]

1. e4 Nf6 2. Nc3 d5 3. exd5 Nxd5 4. Nxd5 Qxd5 5. Nf3 Nc6 6. Be2 
e5 7. d3 Be6 8. O-O Rd8 9. N@g5 P@g4 10. Ne1 h5 11. c4 Qd7 
12. P@d5 Nd4 13. dxe6 Nxe2+ 14. Qxe2 fxe6 15. B@f7+ Qxf7 16. Nxf7 N@d4 17. Qxe5 
P@e2 18. Nxd8 exf1=Q+ 19. Kxf1 R@h1+ 20. N@g1 B@e2+ 21. Qxe2 Rxg1+ 22. Kxg1 Nxe2+ 
23. Kf1 Kxd8 24. R@b8+ B@c8 25. Bg5+ Be7 26. Bxe7+ Kxe7 27. B@g5+ B@f6 28. Bxf6+ 
gxf6 29. R@g7+ B@f7 30. P@g6 Q@g1+ 31. Kxe2 N@d4+ 32. Ke3 N@f5+ 33. Kd2 Qxf2+ 
34. Kc3 Nxg7 35. gxf7 P@b4+ 36. Kxb4 Nc6+ 37. Ka3 R@a5+ 38. P@a4 Qc5+ 39. b4 
Qxb4# 
{BEO checkmated} 0-1

[Event "fics rated crazyhouse match"]
[Site "fics, Oklahoma City, OK USA"]
[Date "2000.10.18"]
[White "jtp"]
[WhiteElo "2312"]
[Black "BEO"]
[BlackElo "2204"]
[TimeControl "120+0"]
[Result "1-0"]

1. e4 e6 2. d4 d6 3. Nc3 Nf6 4. Bd3 Be7 5. Nf3 O-O 6. e5 
Nd5 7. Bxh7+ Kxh7 8. h4 f6 9. Ng5+ Kh8 10. Nxd5 fxg5 11. hxg5# 
{BEO resigns} 1-0

[Event "fics rated crazyhouse match"]
[Site "fics, Oklahoma City, OK USA"]
[Date "2000.10.18"]
[White "BEO"]
[WhiteElo "2198"]
[Black "jtp"]
[BlackElo "2318"]
[TimeControl "120+0"]
[Result "0-1"]

1. e4 Nf6 2. e5 Ne4 3. d3 Nxf2 4. Kxf2 Nc6 5. d4 d6 6. exd6 
cxd6 7. Be2 e5 8. d5 Nd4 9. P@e3 Nf5 10. Nf3 Be7 11. Rf1 h5 
12. Nc3 h4 13. e4 P@g3+ 14. Ke1 P@f2+ 15. Kd2 Bg5+ 16. Kd3 Bxc1 17. Rxc1 
B@a6+ 18. Kd2 Bxe2 19. Kxe2 gxh2 20. exf5 Bxf5 21. Rxf2 e4 22. Nxh2 P@d3+ 
23. Kf1 P@e2+ 24. Nxe2 dxe2+ 25. Kxe2 B@h5+ 26. P@f3 exf3+ 27. Nxf3 Qe7+ 28. P@e6 
N@f4+ 29. Kf1 fxe6 30. dxe6 P@e2+ 31. Rxe2 Nxe2 32. Qxe2 Bxf3 33. gxf3 N@g3+ 
34. Kf2 R@h2+ 35. B@g2 Nxe2 36. B@f7+ Kf8 
{BEO resigns} 0-1

[Event "fics rated crazyhouse match"]
[Site "fics, Oklahoma City, OK USA"]
[Date "2000.10.18"]
[White "jtp"]
[WhiteElo "2323"]
[Black "BEO"]
[BlackElo "2193"]
[TimeControl "120+0"]
[Result "0-1"]

1. e4 e6 2. d4 d5 3. exd5 exd5 4. Nc3 Nf6 5. Bb5+ c6 6. Qe2+ 
Be7 7. Bf4 P@d6 8. Bd3 O-O 9. P@e5 dxe5 10. dxe5 Ne4 11. Bxe4 dxe4 
12. Nxe4 Bf5 13. Rd1 Qa5+ 14. P@c3 Bxe4 15. Qxe4 B@g6 16. P@f5 P@d5 17. Qd3 
N@c5 18. fxg6 Nxd3+ 19. cxd3 hxg6 20. B@b1 Nd7 21. Nf3 Q@g4 22. Bg3 P@h3 
23. N@e3 hxg2 24. Nxg4 gxh1=Q+ 25. Ke2 Qxf3+ 26. Kxf3 P@e4+ 27. dxe4 dxe4+ 28. Bxe4 
P@f5 29. N@h6+ Kh7 30. Q@h3 fxe4+ 31. Ke2 B@f3+ 32. Ke1 R@h5 33. B@h4 Bxh4 
34. Bxh4 Bxg4 35. Qxg4 N@f3+ 36. Ke2 Qb5+ 37. Ke3 N@d5+ 38. Kxe4 Nd2+ 39. Rxd2 
Qc4+ 40. Rd4 N7f6# 
{jtp forfeits on time} 0-1

[Event "fics rated crazyhouse match"]
[Site "fics, Oklahoma City, OK USA"]
[Date "2000.10.18"]
[White "BEO"]
[WhiteElo "2204"]
[Black "jtp"]
[BlackElo "2312"]
[TimeControl "120+0"]
[Result "0-1"]

1. e4 Nf6 2. Nc3 d5 3. exd5 Nxd5 4. Nxd5 Qxd5 5. Nf3 Nc6 6. Be2 
e5 7. d3 Be7 8. O-O P@g4 9. Ne1 h5 10. f3 g3 11. hxg3 h4 
12. gxh4 Bxh4 13. P@h2 P@g3 14. h3 Bxh3 15. gxh3 P@f2+ 16. Kg2 fxe1=Q 17. Qxe1 
N@f4+ 18. Bxf4 exf4 19. B@d2 Bg5 20. N@c3 N@h4+ 21. Kg1 Qe6 22. N@e4 Qxh3 
23. Bxf4 Qh2# 
{BEO checkmated} 0-1

[Event "fics rated crazyhouse match"]
[Site "fics, Oklahoma City, OK USA"]
[Date "2000.10.18"]
[White "jtp"]
[WhiteElo "2318"]
[Black "BEO"]
[BlackElo "2198"]
[TimeControl "120+0"]
[Result "1-0"]

1. e4 e6 2. d4 d5 3. exd5 exd5 4. Nc3 Nf6 5. Bb5+ c6 6. Qe2+ 
Be7 7. P@e5 Ne4 8. Nxe4 dxe4 9. N@h5 Rg8 10. Qxe4 P@f5 11. Qe2 cxb5 
12. P@f6 Bb4+ 13. c3 Qxd4 14. Nxg7+ Kd8 15. cxb4 B@d3 16. B@e7+ Kd7 17. Be3 
Bxe2 18. Nxe2 N@c2+ 19. Kf1 Nxe3+ 20. fxe3 Qxe3 21. Rd1+ P@d3 22. N@c5+ Qxc5 
23. Bxc5 
{BEO resigns} 1-0

[Event "fics rated crazyhouse match"]
[Site "fics, Oklahoma City, OK USA"]
[Date "2000.10.18"]
[White "BEO"]
[WhiteElo "2193"]
[Black "jtp"]
[BlackElo "2323"]
[TimeControl "120+0"]
[Result "1-0"]

1. e4 Nf6 2. Nc3 d5 3. e5 d4 4. exf6 dxc3 5. fxg7 cxd2+ 6. Qxd2 
Qxd2+ 7. Bxd2 Bxg7 8. Nf3 Bxb2 9. Q@b5+ Nc6 10. Qxb2 Rg8 11. N@h6 Q@e6+ 
12. P@e5 P@e4 13. Nxg8 exf3 14. R@h8 N@g6 15. Nf6# 
{jtp checkmated} 1-0

[Event "fics rated crazyhouse match"]
[Site "fics, Oklahoma City, OK USA"]
[Date "2000.10.19"]
[White "Sjeng"]
[WhiteElo "2161"]
[Black "MrCool"]
[BlackElo "2355"]
[TimeControl "300+0"]
[Result "1-0"]

1. e4 e6 2. d4 d6 3. Nc3 Nf6 4. Nf3 Nc6 5. Bb5 Bd7 6. O-O 
Be7 7. Ng5 O-O 8. Bxc6 bxc6 9. Be3 Rb8 10. N@c4 B@a6 11. b3 d5 
12. exd5 exd5 13. Ne5 P@h6 14. Nexf7 Rxf7 15. Nxf7 Kxf7 16. P@e5 Ne8 17. R@f4+ 
N@f5 18. Qh5+ g6 19. Rxf5+ Bxf5 20. Qxh6 R@h5 21. Qxh5 gxh5 22. N@h6+ Ke6 
23. Nxf5 Kxf5 24. R@h6 Ng7 25. B@h3+ N@g4 26. Bxg4# 
{MrCool resigns} 1-0

[Event "fics rated crazyhouse match"]
[Site "fics, Oklahoma City, OK USA"]
[Date "2000.10.19"]
[White "MrCool"]
[WhiteElo "2356"]
[Black "Fudpucker"]
[BlackElo "2165"]
[TimeControl "120+0"]
[Result "1-0"]

1. e4 e6 2. d4 Nc6 3. Nf3 Nf6 4. Bg5 Be7 5. Bd3 d6 6. O-O 
O-O 7. Nc3 Bd7 8. Re1 h6 9. Bxf6 Bxf6 10. e5 Be7 11. N@h5 B@g6 
12. Nxg7 Kxg7 13. P@f6+ Bxf6 14. exf6+ Qxf6 15. Bxg6 Qxg6 16. B@g3 B@g4 17. Ne4 
f5 18. Nh4 Bxd1 19. Nxg6 N@h3+ 20. Kh1 P@f3 21. Nh4 fxg2+ 22. Nxg2 Bf3 
23. Rg1 Bxg2+ 24. Rxg2 P@f3 25. Q@f1 fxe4 26. P@e5 dxe5 27. dxe5 fxg2+ 28. Qxg2 
P@f3 29. P@f6+ Kh7 30. P@g6+ Kxg6 31. B@h5+ Kh7 32. B@g6+ Kh8 33. Bxf3 P@g7 
34. fxg7+ Kxg7 35. Bfxe4 N@f4 36. P@f6+ Rxf6 37. exf6+ Kxf6 38. R@f7+ Ke5 39. Bxc6 
Bxc6 40. Bxf4+ Nxf4 41. N@c4+ Kd4 42. Rxf4+ Kc5 43. N@b3+ Kb5 44. a4+ Ka6 
45. P@b5+ Bxb5 46. axb5+ Kxb5 47. Qxb7+ B@b6 48. B@c6+ Kb4 49. P@c3# 
{Fudpucker checkmated} 1-0

[Event "fics rated crazyhouse match"]
[Site "fics, Oklahoma City, OK USA"]
[Date "2000.10.19"]
[White "Fudpucker"]
[WhiteElo "2161"]
[Black "MrCool"]
[BlackElo "2367"]
[TimeControl "120+0"]
[Result "0-1"]

1. e4 e6 2. d4 d6 3. Nf3 Nf6 4. Bd3 Nc6 5. Nc3 Be7 6. Qe2 
e5 7. d5 Nb4 8. Nd4 exd4 9. O-O dxc3 10. bxc3 Nxd3 11. cxd3 N@h4 
12. Bg5 Nxg2 13. Kxg2 B@h3+ 14. Kg1 P@g2 15. Rfe1 N@e5 16. f4 Bcg4 17. Qe3 
Nf3+ 18. Kf2 Nxe1 19. Kxe1 R@f1+ 20. Kd2 Rxa1 
{Fudpucker resigns} 0-1

[Event "fics rated crazyhouse match"]
[Site "fics, Oklahoma City, OK USA"]
[Date "2000.10.19"]
[White "MrCool"]
[WhiteElo "2377"]
[Black "Fudpucker"]
[BlackElo "2157"]
[TimeControl "120+0"]
[Result "1-0"]

1. e4 e6 2. d4 Nc6 3. Nf3 Nf6 4. e5 Nd5 5. Bc4 d6 6. O-O 
Be7 7. Nc3 Nxc3 8. bxc3 O-O 9. N@h5 f6 10. Nxg7 Kxg7 11. exf6+ Bxf6 
12. P@g5 Be7 13. P@f6+ Rxf6 14. gxf6+ Bxf6 15. Re1 P@d5 16. Bxd5 exd5 17. P@g5 
P@e4 18. gxf6+ Qxf6 19. B@h6+ Kg8 20. R@e8+ B@f8 21. Rxf8+ Qxf8 22. Bxf8 Kxf8 
23. Bh6+ P@g7 24. Q@h8+ R@g8 25. Bxg7+ Kf7 26. Ng5+ Kg6 27. Qxg8 Kxg5 28. Bh6# 
{Fudpucker resigns} 1-0

[Event "fics rated crazyhouse match"]
[Site "fics, Oklahoma City, OK USA"]
[Date "2000.10.19"]
[White "Fudpucker"]
[WhiteElo "2153"]
[Black "MrCool"]
[BlackElo "2386"]
[TimeControl "120+0"]
[Result "0-1"]

1. e4 e6 2. d4 d6 3. Nf3 Nf6 4. Bd3 Nc6 5. Nc3 Be7 6. e5 
Ng4 7. Qe2 Nxd4 8. Nxd4 Nxe5 9. N@h5 Bf8 10. f4 Qh4+ 11. Ng3 Nxd3+ 
12. cxd3 B@f6 13. Nf5 P@b4 14. Nxh4 bxc3 15. N@b5 N@d5 16. Nhf5 cxb2 17. Bxb2 
P@c3 18. Ba3 Bd7 19. Nbxd6+ Bxd6 20. Bxd6 cxd6 21. P@e5 B@d2+ 22. Kf1 N@e3+ 
23. Nxe3 Nxe3+ 24. Kg1 P@b2 25. N@c7+ Kf8 26. exf6 bxa1=Q+ 27. B@f1 gxf6 28. B@h6+ 
Ke7 29. P@g5 P@g7 30. Bxg7 Qxf1+ 31. Qxf1 N@h3+ 32. gxh3 B@f2# 
{Fudpucker forfeits on time} 0-1

[Event "fics rated crazyhouse match"]
[Site "fics, Oklahoma City, OK USA"]
[Date "2000.10.19"]
[White "MrCool"]
[WhiteElo "2394"]
[Black "Fudpucker"]
[BlackElo "2150"]
[TimeControl "120+0"]
[Result "1-0"]

1. e4 e6 2. d4 Nc6 3. Nf3 Nf6 4. e5 Nd5 5. Bc4 Nb6 6. Bb5 
d6 7. O-O Bd7 8. Bg5 Be7 9. Bxe7 Qxe7 10. B@h4 f6 11. exf6 gxf6 
12. Nc3 a6 13. Ne4 P@g7 14. P@h6 O-O-O 15. Bxc6 Bxc6 16. N@a7+ Kb8 17. Nxc6+ 
bxc6 18. hxg7 Qxg7 19. B@g3 B@e7 20. Bxf6 Bxf6 21. Nxf6 Qxf6 22. B@g5 Qf7 
23. Bxd8 Rxd8 24. Ng5 Qg6 25. P@e7 Rc8 26. R@d8 B@d7 27. Rxc8+ Nxc8 28. R@d8 
Qxg5 29. Rxd7 Nxe7 30. B@d8 N@f4 31. P@a7+ Ka8 32. Rxc7 N@e2+ 33. Kh1 B@b7 
34. Qxe2 P@h3 35. N@b6+ Kxa7 36. Rxb7+ Kxb7 37. B@c8+ Kb8 38. P@a7+ Kxa7 39. Qxa6+ 
Kb8 40. Qb7# 
{Fudpucker checkmated} 1-0

[Event "fics rated crazyhouse match"]
[Site "fics, Oklahoma City, OK USA"]
[Date "2000.10.20"]
[White "VABORIS"]
[WhiteElo "2154"]
[Black "liveZ"]
[BlackElo "2379"]
[TimeControl "60+0"]
[Result "0-1"]

1. e4 e6 2. d4 Nc6 3. Be3 Nf6 4. Bd3 d6 5. Nh3 e5 6. d5 
Bxh3 7. gxh3 N@g2+ 8. Kd2 Nd4 9. Bxd4 exd4 10. Kc1 B@g5+ 11. B@d2 Bxd2+ 
12. Nxd2 B@c3 13. Nc4 Bxb2+ 14. Kxb2 P@c3+ 15. Kb1 Nf4 16. B@e6 Nxe6 17. dxe6 
fxe6 18. N@g5 B@g8 19. B@h5+ P@g6 20. Bxg6+ hxg6 21. P@f5 gxf5 22. exf5 P@b2 
23. fxe6 bxa1=Q+ 24. Kxa1 B@b2+ 25. Nxb2 cxb2+ 26. Kxb2 Bxe6 27. P@f7+ Bxf7 28. Nxf7 
P@c3+ 29. Kb3 N@a5+ 30. Ka3 d5+ 31. P@d6 Bxd6+ 32. Nxd6+ Qxd6+ 33. B@b4 N@c4+ 
34. Bxc4 Nxc4+ 35. Kb3 P@a4+ 36. Kxa4 b5+ 37. Kxb5 B@c6+ 38. Ka6 R@a4+ 39. P@a5 
P@b7# 
{VABORIS checkmated} 0-1

[Event "fics rated crazyhouse match"]
[Site "fics, Oklahoma City, OK USA"]
[Date "2000.10.20"]
[White "liveZ"]
[WhiteElo "2382"]
[Black "VABORIS"]
[BlackElo "2151"]
[TimeControl "60+0"]
[Result "1-0"]

1. e4 e6 2. d4 Nc6 3. Nf3 Nf6 4. Bg5 Be7 5. Nc3 d6 6. e5 
dxe5 7. dxe5 Nd5 8. Nxd5 exd5 9. Bxe7 Qxe7 10. Bb5 Qb4+ 11. N@c3 Qxb2 
12. Bxc6+ bxc6 13. B@d4 B@a5 14. O-O Bxc3 15. Bxc3 Qxc3 16. B@d4 Qxd4 17. Nxd4 
N@f4 18. P@f6 N@h3+ 19. Kh1 B@e4 20. Q@e7# 
{VABORIS checkmated} 1-0

[Event "fics rated crazyhouse match"]
[Site "fics, Oklahoma City, OK USA"]
[Date "2000.10.20"]
[White "spurs"]
[WhiteElo "2258"]
[Black "valdushka"]
[BlackElo "2273"]
[TimeControl "60+0"]
[Result "1-0"]

1. d4 e6 2. Nf3 Be7 3. Bg5 Nc6 4. Bxe7 Qxe7 5. Nc3 Nf6 6. e4 
B@a5 7. e5 Nd5 8. B@g5 Nxc3 9. bxc3 Bxc3+ 10. N@d2 Bxa1 11. Bxe7 Nxe7 
12. Qxa1 B@a3 13. B@b2 Bxb2 14. Qxb2 N@a4 15. Qa3 P@b2 16. Qxe7+ Kxe7 17. B@h4+ 
f6 18. exf6+ gxf6 19. Bxf6+ Kxf6 20. P@e5+ Ke7 21. Q@f6+ Ke8 22. N@g7# 
{valdushka checkmated} 1-0

[Event "fics rated crazyhouse match"]
[Site "fics, Oklahoma City, OK USA"]
[Date "2000.10.20"]
[White "valdushka"]
[WhiteElo "2265"]
[Black "spurs"]
[BlackElo "2266"]
[TimeControl "60+0"]
[Result "0-1"]

1. e4 e6 2. Nc3 d5 3. d4 Bb4 4. e5 Ne7 5. Nf3 Nf5 6. Bd3 
Bxc3+ 7. bxc3 N@e4 8. Bxe4 dxe4 9. Ng5 e3 10. Bxe3 Nxe3 11. fxe3 Qxg5 
12. B@f4 Qxg2 13. N@f2 N@e4 14. N@g4 P@d2+ 15. Qxd2 Nxd2 16. Kxd2 B@f3 17. Rhe1 
Bxg4 18. P@d3 Qxf2+ 19. P@e2 N@f3+ 20. Kc1 Qxe1+ 21. Kb2 Qxc3# 
{valdushka resigns} 0-1

[Event "fics rated crazyhouse match"]
[Site "fics, Oklahoma City, OK USA"]
[Date "2000.10.20"]
[White "spurs"]
[WhiteElo "2274"]
[Black "valdushka"]
[BlackElo "2257"]
[TimeControl "60+0"]
[Result "1-0"]

1. d4 d5 2. Nf3 Nf6 3. Bg5 h6 4. Bxf6 exf6 5. e3 B@h5 6. Nc3 
Nc6 7. Bb5 Bcg4 8. Bxc6+ bxc6 9. Rg1 B@e4 10. N@d2 Bexf3 11. Nxf3 N@h4 
12. B@e2 Nxg2+ 13. Rxg2 P@e4 14. Ng1 Bxe2 15. Ngxe2 Bxe2 16. Nxe2 B@f3 17. Rg1 
N@g2+ 18. Kd2 Bb4+ 19. Kc1 Be7 20. N@f5 Rb8 21. Nxg7+ Kd7 22. B@h3+ f5 
23. Bxf5# 
{valdushka resigns} 1-0

[Event "fics rated crazyhouse match"]
[Site "fics, Oklahoma City, OK USA"]
[Date "2000.10.20"]
[White "valdushka"]
[WhiteElo "2249"]
[Black "spurs"]
[BlackElo "2282"]
[TimeControl "60+0"]
[Result "0-1"]

1. d4 e6 2. Nc3 d5 3. e3 Bb4 4. Bd3 Nf6 5. e4 Nxe4 6. Bxe4 
dxe4 7. Qg4 P@f5 8. Qxg7 B@f6 9. Qg3 Qxd4 10. P@d2 e5 11. Nb5 Qd8 
12. N@h5 Na6 13. Nxf6+ Qxf6 14. B@g5 Qb6 15. Nh3 N@c6 16. Nxc7+ Qxc7 17. P@g7 
Rg8 18. c3 N@c2+ 19. Kf1 P@e2+ 20. Kxe2 Nxa1 21. P@c2 Nxc2 22. cxb4 N6d4+ 
23. Kd1 P@e2# 
{valdushka checkmated} 0-1

[Event "fics rated crazyhouse match"]
[Site "fics, Oklahoma City, OK USA"]
[Date "2000.10.20"]
[White "spurs"]
[WhiteElo "2289"]
[Black "valdushka"]
[BlackElo "2242"]
[TimeControl "60+0"]
[Result "1-0"]

1. d4 Nf6 2. Nf3 e6 3. Nc3 Be7 4. Bg5 Nd5 5. Nxd5 Bxg5 6. Nxc7+ 
Qxc7 7. Nxg5 Qa5+ 8. B@d2 Qd8 9. N@h5 B@f8 10. Bf4 N@c7 11. Bxc7 Qxc7 
12. N@f6+ gxf6 13. Nxf6+ Kd8 14. Ngxh7 B@a5+ 15. P@c3 N@c4 16. Nxf8 Rxf8 17. P@g7 
N@g6 18. gxf8=Q+ Nxf8 19. R@e8# 
{valdushka checkmated} 1-0

[Event "fics rated crazyhouse match"]
[Site "fics, Oklahoma City, OK USA"]
[Date "2000.10.20"]
[White "valdushka"]
[WhiteElo "2235"]
[Black "spurs"]
[BlackElo "2296"]
[TimeControl "60+0"]
[Result "1-0"]

1. e4 e6 2. Nc3 d5 3. d4 Bb4 4. exd5 exd5 5. Nf3 Qe7+ 6. Qe2 
Bg4 7. P@e5 P@e4 8. Bg5 f6 9. exf6 gxf6 10. Be3 exf3 11. gxf3 Bxc3+ 
12. bxc3 Bxf3 13. Qxf3 P@e4 14. Qe2 N@f3+ 15. Kd1 N@b2+ 16. Kc1 Nc4 17. B@b5+ 
Nc6 18. Bxc4 P@b2+ 19. Kxb2 dxc4 20. P@c5 a5 21. N@d5 Qf7 22. Nf4 a4 
23. a3 B@a5 24. P@b4 Ncxd4 25. Bxd4 Nxd4 26. cxd4 Bxb4 27. P@c3 Bxc3+ 28. Kxc3 
B@a5+ 29. B@b4 P@e5 30. dxe5 fxe5 31. Kd2 P@c3+ 32. Bxc3 Qxf4+ 33. B@e3 Bxc3+ 
34. Kxc3 P@d4+ 35. Kb2 B@c3+ 36. Ka2 P@b3+ 37. cxb3 axb3+ 38. Kb1 P@c2+ 39. Kc1 
Bxa1 40. P@f7+ Ke7 41. N@d6 Qxf7 42. Nf5# 
{spurs forfeits on time} 1-0

[Event "fics rated crazyhouse match"]
[Site "fics, Oklahoma City, OK USA"]
[Date "2000.10.20"]
[White "jtp"]
[WhiteElo "2315"]
[Black "Gobi"]
[BlackElo "2345"]
[TimeControl "180+0"]
[Result "0-1"]

1. e4 e5 2. Nf3 Nc6 3. Bc4 Bc5 4. c3 Nf6 5. d4 exd4 6. cxd4 
Bxd4 7. O-O Nxe4 8. Nxd4 d5 9. Nxc6 bxc6 10. Re1 O-O 11. P@h6 Qf6 
12. Rxe4 dxe4 13. hxg7 Qxg7 14. B@d4 P@e5 15. N@h6+ Kh8 16. P@e7 Qxg2+ 17. Kxg2 
P@f3+ 18. Kf1 R@h1+ 19. N@g1 Bh3+ 20. Ke1 Rxg1+ 21. Q@f1 Bxf1 22. exf8=Q+ Rxf8 
23. Bxe5+ f6 24. Bxf6+ Rxf6 25. P@g7+ Rxg7 26. R@d8+ B@f8 27. Bxf1 P@e2 28. Bxe2 
fxe2 29. Qxe2 N@f3+ 30. Kd1 Rxh6 31. Bxh6 B@a4+ 32. b3 Q@e7 33. Bxg7+ Qxg7 
34. B@b2 P@d4 35. R@e8 B@b4 36. Rxf8+ Bxf8 37. Rxf8+ Qxf8 38. P@g6 R@g1# 
{jtp forfeits on time} 0-1

[Event "fics rated crazyhouse match"]
[Site "fics, Oklahoma City, OK USA"]
[Date "2000.10.20"]
[White "Gobi"]
[WhiteElo "2352"]
[Black "jtp"]
[BlackElo "2308"]
[TimeControl "180+0"]
[Result "0-1"]

1. e4 Nf6 2. Nc3 d5 3. exd5 Nxd5 4. Bc4 e6 5. Nge2 Nxc3 6. Nxc3 
Nc6 7. P@e3 N@h4 8. Rg1 P@d4 9. Ne4 dxe3 10. dxe3 P@d5 11. P@g3 Nxg2+ 
12. Rxg2 dxe4 13. Qxd8+ Kxd8 14. Q@h4+ N@f6 15. N@g5 Ne5 16. Bf1 Nf3+ 17. Nxf3 
exf3 18. Rg1 P@e2 19. Bxe2 fxe2 20. Kxe2 B@e4 21. Rd1+ Bd6 22. N@g5 Bxc2 
23. Nxf7+ Ke7 24. Nxh8 Bxd1+ 25. Kxd1 Q@d3+ 26. N@d2 P@e2+ 27. Ke1 R@d1# 
{Gobi checkmated} 0-1

[Event "fics rated crazyhouse match"]
[Site "fics, Oklahoma City, OK USA"]
[Date "2000.10.20"]
[White "jtp"]
[WhiteElo "2317"]
[Black "Gobi"]
[BlackElo "2343"]
[TimeControl "180+0"]
[Result "0-1"]

1. e4 e5 2. Nf3 Nc6 3. Bc4 Bc5 4. c3 d6 5. d4 exd4 6. cxd4 
Nxd4 7. Nxd4 Bxd4 8. O-O P@h3 9. Bxf7+ Kxf7 10. gxh3 N@h4 11. P@f5 B@b6 
12. P@e6+ Kf8 13. P@e3 Be5 14. f4 P@g2 15. Rf2 Bxf4 16. Rxf4 Qg5 17. Rf2 
Bxe3 18. Bxe3 Qxe3 19. B@d4 Qxf2+ 20. Kxf2 R@f1+ 21. Ke3 B@f4+ 22. Ke2 P@f3+ 
23. Kd3 Rxd1+ 24. Kc4 Q@d3+ 25. Kb4 a5+ 26. Ka4 Qc4+ 27. Ka3 Qb4# 
{jtp checkmated} 0-1

[Event "fics rated crazyhouse match"]
[Site "fics, Oklahoma City, OK USA"]
[Date "2000.10.20"]
[White "Sjeng"]
[WhiteElo "2157"]
[Black "venomous"]
[BlackElo "2358"]
[TimeControl "60+0"]
[Result "0-1"]

1. e4 e6 2. d4 Nc6 3. Nf3 Nf6 4. Nc3 Bb4 5. Bd3 d5 6. exd5 
Nxd5 7. Bd2 P@a3 8. Nxd5 Bxd2+ 9. Nxd2 axb2 10. Nxc7+ Qxc7 11. N@b5 Qd7 
12. Rb1 N@f4 13. B@e4 Nxd3+ 14. Bxd3 B@b8 15. N@c5 Qe7 16. P@d7+ Bxd7 17. P@c7 
O-O 18. Nxb7 Bxc7 19. Nxc7 P@c3 20. Nxa8 cxd2+ 21. Qxd2 B@c1 22. Bxh7+ Kh8 
23. Rxc1 P@c3 24. Qe3 P@d2+ 25. Ke2 bxc1=N+ 26. Rxc1 Nxd4+ 27. Qxd4 dxc1=N+ 28. Kd1 
R@h1+ 29. R@e1 Rxe1+ 30. Kxe1 P@d2+ 31. Qxd2 cxd2+ 32. Kxd2 N@c4+ 33. Kxc1 Q@b2+ 
34. Kd1 R@d2+ 35. Ke1 R@d1# 
{Sjeng checkmated} 0-1

[Event "fics rated crazyhouse match"]
[Site "fics, Oklahoma City, OK USA"]
[Date "2000.10.20"]
[White "venomous"]
[WhiteElo "2362"]
[Black "Sjeng"]
[BlackElo "2153"]
[TimeControl "60+0"]
[Result "0-1"]

1. e4 d5 2. exd5 e6 3. Bb5+ c6 4. dxc6 bxc6 5. Be2 Bd6 6. d4 
P@c7 7. P@c5 Bxc5 8. dxc5 Qxd1+ 9. Kxd1 P@b3 10. axb3 Q@d5+ 11. Q@d3 Qxg2 
12. B@f3 Qxf2 13. Be3 Qh4 14. Ra4 Qf6 15. Nc3 P@b7 16. Rf4 P@f5 17. Nh3 
e5 18. Ra4 e4 19. Bxe4 fxe4 20. Qxe4+ Qe7 21. Ng5 B@g2 22. Qxe7+ Nxe7 
23. Re1 Q@d7+ 24. P@d3 h6 25. P@e6 fxe6 26. Q@f7+ Kd8 27. Rd4 Nd5 28. Qxd7+ 
Bxd7 29. Nxd5 Q@a1+ 30. Q@c1 Qxc1+ 31. Bxc1 hxg5 32. N@f7+ Ke8 33. Nxh8 N@f2+ 
34. Kd2 exd5 35. Re4+ dxe4 
{venomous forfeits on time} 0-1

[Event "fics rated crazyhouse match"]
[Site "fics, Oklahoma City, OK USA"]
[Date "2000.10.20"]
[White "Sjeng"]
[WhiteElo "2165"]
[Black "venomous"]
[BlackElo "2349"]
[TimeControl "60+0"]
[Result "0-1"]

1. e4 e6 2. d4 Nc6 3. Nf3 Nf6 4. Bd3 d5 5. e5 Ne4 6. O-O 
Be7 7. Nbd2 Nxd2 8. Bxd2 N@e4 9. N@h5 Rg8 10. Bf4 Bd7 11. Qe2 a6 
12. Bxe4 dxe4 13. Qxe4 B@g6 14. Nxg7+ Rxg7 15. Qe2 Bh5 16. Be3 Bxf3 17. Qxf3 
N@h4 18. N@f6+ Bxf6 19. Qxf6 Rxg2+ 20. Kh1 Qxf6 21. exf6 Rxh2+ 22. Kxh2 Q@g2# 
{Sjeng checkmated} 0-1

[Event "fics rated crazyhouse match"]
[Site "fics, Oklahoma City, OK USA"]
[Date "2000.10.20"]
[White "venomous"]
[WhiteElo "2353"]
[Black "Sjeng"]
[BlackElo "2161"]
[TimeControl "60+0"]
[Result "1-0"]

1. e4 e6 2. d4 Nc6 3. Be3 Nf6 4. Bd3 Bb4+ 5. c3 Be7 6. Nd2 
d6 7. Ngf3 Ng4 8. O-O Nxe3 9. fxe3 Bd7 10. N@h5 Rg8 11. d5 Ne5 
12. Nxe5 dxe5 13. Bc4 exd5 14. exd5 B@g4 15. P@e6 Bdxe6 16. dxe6 Bxe6 17. Bxe6 
P@f2+ 18. Rxf2 fxe6 19. P@f7+ Kf8 20. fxg8=Q+ Kxg8 21. B@f7+ Kh8 22. Bxe6 N@g5 
23. P@h6 Nxe6 24. N@f7+ Kg8 25. R@h8# 
{Sjeng checkmated} 1-0

[Event "fics rated crazyhouse match"]
[Site "fics, Oklahoma City, OK USA"]
[Date "2000.10.20"]
[White "Sjeng"]
[WhiteElo "2157"]
[Black "venomous"]
[BlackElo "2357"]
[TimeControl "60+0"]
[Result "0-1"]

1. e4 e6 2. Nc3 Nc6 3. Nf3 Nf6 4. d4 Bb4 5. Bd3 d5 6. exd5 
Nxd5 7. Bd2 P@a3 8. Nxd5 Bxd2+ 9. Nxd2 axb2 10. Nxc7+ Qxc7 11. N@b5 Qd7 
12. Rb1 O-O 13. Rxb2 N@f4 14. Bxh7+ Kxh7 15. Qf3 B@h6 16. P@e3 B@c1 17. exf4 
Bxd2+ 18. Kxd2 Nxd4 19. Nxd4 Qxd4+ 20. Kc1 Qxf4+ 21. P@e3 Qxf3 22. gxf3 P@d2+ 
23. Kxd2 N@c4+ 24. Ke1 P@d2+ 25. Kd1 Q@c1# 
{Sjeng forfeits on time} 0-1

[Event "fics rated crazyhouse match"]
[Site "fics, Oklahoma City, OK USA"]
[Date "2000.10.20"]
[White "venomous"]
[WhiteElo "2361"]
[Black "Sjeng"]
[BlackElo "2153"]
[TimeControl "60+0"]
[Result "1-0"]

1. e4 e6 2. d4 d5 3. e5 c5 4. Nf3 Nc6 5. Bb5 cxd4 6. Nxd4 
Bd7 7. Bxc6 bxc6 8. P@d6 B@b4+ 9. Bd2 Bbxd6 10. exd6 Bxd6 11. O-O Qb8 
12. B@g3 Bxg3 13. fxg3 P@e5 14. N@h5 exd4 15. Nxg7+ Kf8 16. Nh5 Qxb2 17. P@g7+ 
Ke7 18. gxh8=Q Qxa1 19. Rxf7+ Kxf7 20. Qg7+ Ke8 21. R@f8# 
{Sjeng checkmated} 1-0